 Dungeon Crawl Stone Soup version 0.31.0-32-g396128a36d (webtiles) character file.

Game seed: 11049401489212433682

9883 KleptoBismol the Protected (level 11, -6/151 HPs)
             Began as a Minotaur Fighter on Apr 12, 2024.
             Was a Priest of Okawaru.
             Incinerated by a deep elf pyromancer (12 damage)
             ... with a pyre arrow
             ... on level 10 of the Dungeon on Apr 13, 2024.
             The game lasted 07:06:42 (12006 turns).

KleptoBismol the Protected (Minotaur Fighter)      Turns: 12006, Time: 07:06:43

Health: -6/151     AC: 32    Str: 25    XL:     11   Next: 28%
Magic:  9/10       EV:  2    Int:  5    God:    Okawaru [***...]
Gold:   170        SH:  6    Dex: 10    Spells: 10/10 levels left

rFire   . . .        t - +0 flail (protect)
rCold   + . .        c - +0 buckler
rNeg    . . .        P - melded +0 plate armour
rPois   +            (helmet currently unavailable)
rElec   .            F - melded +0 cloak
rCorr   .            (gloves currently unavailable)
SInv    +            y - melded +0 pair of boots
Will    .....        (no amulet)
Stlth   +            o - ring of protection from cold
HPRegen 0.45/turn    H - ring of see invisible
MPRegen 0.12/turn

%: no passive effects
@: on fire, tree-form, under a protective aura, glowing, studying Armour
A: stationary, stasis, torment immunity, boosted hp, (horns 2), (retaliatory
headbutt)
a: Renounce Religion, Heroism


You were on level 10 of the Dungeon.
You worshipped Okawaru.
Okawaru was most pleased with you.
You were a tree.
You visited 2 branches of the dungeon, and saw 11 of its levels.

You collected 530 gold pieces.
You spent 360 gold pieces at shops.

Inventory:

Hand Weapons
 a - a +0 war axe
 i - a +4 quarterstaff of chaos
 t - a +0 flail of protection (weapon)
 u - a +0 whip of flaming
 z - a +2 dagger of venom
 D - a +3 hand axe
 G - a +4 flail
Missiles
 k - 65 stones (quivered)
 m - 36 poisoned darts
 s - 3 javelins
 O - 5 boomerangs
Armour
 c - a +0 buckler (worn)
 x - a +0 chain mail
 y - a +0 pair of boots (melded)
 F - a +0 cloak (melded)
 P - a +0 plate armour (melded)
 Q - a +0 scale mail of poison resistance
Jewellery
 o - a ring of protection from cold (left branch)
 H - a ring of see invisible (right branch)
 I - a +6 ring of intelligence
Wands
 b - a wand of quicksilver (1)
 e - a wand of flame (4)
 q - a wand of digging (5)
 B - a wand of roots (5)
 E - a wand of paralysis (6)
Scrolls
 h - 3 scrolls of poison
 j - a scroll of amnesia {unknown}
 n - a scroll of immolation {unknown}
 r - 2 scrolls of fear
 v - a scroll of vulnerability {unknown}
 w - a scroll of teleportation {unknown}
 A - a scroll of noise {unknown}
 J - 2 scrolls of enchant armour
 L - a scroll of torment {unknown}
 M - a scroll of revelation {unknown}
 R - a scroll of butterflies {unknown}
Potions
 d - 2 potions of might
 f - 2 potions of haste
 g - a potion of attraction
 l - a potion of curing
 p - a potion of lignification
 C - a potion of enlightenment
 K - a potion of mutation {unknown}
 N - 2 potions of invisibility


   Skills:
 + Level 10.8 Fighting
 + Level 10.4 Axes
 - Level 4.0 Throwing
 * Level 13.2 Armour
 - Level 3.0 Dodging
 + Level 10.7 Shields


You had 10 spell levels left.
You didn't know any spells.
Your spell library contained the following spells:

 Spells                   Type           Power      Damage    Failure   Level
 Jinxbite                 Hex            0%         N/A       65%         2
 Fugue of the Fallen      Necr           0%         N/A       87%         3
 Ozocubu's Armour         Ice            0%         N/A       87%         3
 Cause Fear               Hex            0%         N/A       99%         4
 Manifold Assault         Tloc           0%         N/A       99%         4
 Vhi's Electric Charge    Tloc/Air       0%         N/A       99%         4
 Arcjolt                  Conj/Air       0%         1d10      100%        5
 Fireball                 Conj/Fire      0%         3d3       100%        5
 Yara's Violent Unravell  Hex/Alch       0%         3d3       100%        5
 Enfeeble                 Hex            0%         N/A       100%        7
 Maxwell's Capacitive Co  Air            0%         ∞         100%        8
 Dragon's Call            Summ           Unusable   N/A       N/A         9

Dungeon Overview and Level Annotations

Branches:
Dungeon (10/15)            Temple (1/1) D:5            Lair (0/5) D:8
    Orc: D:9-12

Altars:
Ashenzari
Cheibriados
Dithmenos
Elyvilon
Fedhas
Gozag
Hepliaklqana
Kikubaaqudgha
Makhleb
Nemelex Xobeh
Okawaru
Qazlal
Ru
Sif Muna
Trog
Uskayaw
Vehumet
Wu Jian
Xom
Yredelemnul
Zin
The Shining One

Shops:
D:4 **:

Annotations:
D:2 lower stairs down sig, nat, Natasha
D:3 bottom stair only safe, 2 transporters, exclusion: 2 upstairs, panicmichael's ghost, amateur SpAl
D:6 1 runed translucent door, monsoonserge's ghost, novice OpSh


Innate Abilities, Weirdness & Mutations

You are a tree.
Your roots penetrate the ground, keeping you stationary.
You cannot be teleported.
You are immune to unholy pain and torment.
Your maximum health is greatly increased.
Your equipment is partially melded.
((You have a pair of horns on your head.))
((You reflexively headbutt those who attack you in melee.))


Message History

* * * LOW HITPOINT WARNING * * *
Unknown command.
Unknown command.
Unknown command.
Unknown command.
Unknown command.
Press: ? - help, v - describe, . - travel
Here: a deep elf pyromancer, wielding a +0 long sword (lightly wounded)
The floor.
Unknown command.
Unknown command.
Unknown command.
Unknown command.
Unknown command.
Unknown command.
As you read the scroll of fear, it crumbles to dust.
You assume a fearsome visage.
The deep elf pyromancer resists with almost no effort.
The liquid fire burns you!
* * * LOW HITPOINT WARNING * * *
The deep elf pyromancer points at you and mumbles some strange words.
The pyre arrow hits you.
You are even more covered in intense liquid fire!
Unknown command.
Unknown command.
Press: ? - help, v - describe, . - travel The floor.
Unknown command.
Unknown command.
Unknown command.
Unknown command.
Unknown command.
Unknown command.
Unknown command.
You turn into a tree.
Your +0 cloak melds into your body.
Your +0 pair of boots melds into your body.
Your +0 plate armour melds into your body.
Your roots penetrate the ground.
The liquid fire burns you!
You die...

.....# #....#.....# .....#
+....'.....#### .....#
#....#........#
.....##########........# ...
.....#........###############...
>....#.......)#).....#..........
.....#.......†'......#....>....
##'###........#.e)...#.........
.....#........##♣##..#.....###+##
.....#........#...#..............
.....#........#...#.c............
.....#........#...#..............
.....#........##'########....####
.....#........#....#.........# ..
.....#........#....#.........#...
.....#........#....#.........+...
.....#).......#....#.........#..y


You could see a deep elf pyromancer.

Vanquished Creatures
  A centaur warrior (D:10)
  3 death yaks (D:8)
  Pikel (D:6)
  Maurice (D:8)
  A cyclops (D:9)
  A hornet (D:10)
  A troll (D:10)
  Sigmund (D:2)
  A shadow (D:9)
  A wyvern (D:10)
  12 yaks
  Eustachio (D:4)
  Edmund (D:5)
  2 ice beasts
  An orc warrior (D:8)
  A black bear (D:6)
  A sky beast (D:7)
  2 ogres (D:6)
  7 centaurs
  4 lemures (D:6)
  A phantom (D:6)
  A kobold brigand (D:10)
  A bullfrog (D:7)
  A gnoll sergeant (D:9)
  4 scorpions
  5 wights (D:7)
  A burial acolyte (D:5)
  8 killer bees
  5 howler monkeys
  A bombardier beetle (D:5)
  3 hounds (D:6)
  A jelly (D:8)
  4 orc priests
  Crazy Yiuf (D:3)
  A sleepcap (D:6)
  3 iguanas
  10 orc wizards
  A hell rat (D:8)
  6 adders
  7 gnolls
  A shadow imp (D:8)
  3 ribbon worms
  4 dart slugs
  26 orcs
  8 bats
  6 endoplasms
  7 giant cockroaches
  4 goblins
  4 hobgoblins (D:1)
  11 jackals
  12 kobolds
  3 quokkas
  11 ball pythons
  3 frilled lizards
  2 jackal zombies (D:5)
  5 rats
219 creatures vanquished.

Notes
Turn   | Place    | Note
-------+----------+-------------------------------------------
     0 | D:1      | KleptoBismol the Minotaur Fighter began the quest for the
                  | Orb.
     0 | D:1      | Reached XP level 1. HP: 19/19 MP: 0/0
    69 | D:1      | Reached XP level 2. HP: 23/27 MP: 1/1
   305 | D:1      | Reached skill level 4 in Armour
   459 | D:1      | Reached XP level 3. HP: 33/33 MP: 2/2
  1071 | D:2      | Noticed Sigmund
  1071 | D:2      | Noticed Natasha
  1446 | D:3      | Reached XP level 4. HP: 40/41 MP: 3/3
  1954 | D:3      | Found a transporter.
  1956 | D:3      | Noticed panicmichael's ghost (amateur SpAl)
  1959 | D:3      | Found a transporter.
  2112 | D:3      | Found a runed translucent door.
  2113 | D:3      | Noticed Crazy Yiuf
  2224 | D:4      | Found Usuik's Book Emporium.
  2241 | D:4      | Found an opulent altar of Gozag.
  2244 | D:4      | Found Gozag's Platinum Reserve.
  2246 | D:4      | Noticed Eustachio
  2254 | D:4      | Killed Eustachio
  2255 | D:4      | Reached skill level 5 in Fighting
  2255 | D:4      | Reached skill level 1 in Throwing
  2255 | D:4      | Reached XP level 5. HP: 43/48 MP: 4/4
  2397 | D:4      | Reached skill level 5 in Shields
  2431 | D:4      | Found Odonwe's Assorted Antiques.
  2479 | D:4      | Found a snail-covered altar of Cheibriados.
  2760 | D:4      | Reached skill level 5 in Armour
  2760 | D:4      | Reached XP level 6. HP: 56/56 MP: 5/5
  2873 | D:4      | Reached XP level 7. HP: 14/62 MP: 6/6
  3050 | D:5      | Entered Level 5 of the Dungeon
  3103 | D:5      | Reached skill level 5 in Axes
  3174 | D:5      | Found a staircase to the Ecumenical Temple.
  3189 | Temple   | Entered the Ecumenical Temple
  3260 | Temple   | Became a worshipper of Warmaster Okawaru
  3469 | D:5      | Noticed Edmund
  3498 | D:5      | Killed Edmund
  3731 | D:5      | Reached skill level 6 in Armour
  3747 | D:5      | Reached skill level 1 in Dodging
  3930 | D:5      | Found an ancient bone altar of Kikubaaqudgha.
  4455 | D:6      | Reached XP level 8. HP: 71/71 MP: 7/7
  4700 | D:6      | Noticed Pikel
  4734 | D:6      | Killed Pikel
  4734 | D:6      | Reached * piety under Okawaru
  4735 | D:6      | Reached skill level 7 in Armour
  4920 | D:6      | Found a runed translucent door.
  4920 | D:6      | Noticed monsoonserge's ghost (novice OpSh)
  5218 | D:6      | Reached ** piety under Okawaru
  5442 | D:6      | Reached XP level 9. HP: 79/79 MP: 8/8
  6726 | D:7      | You fall into a shaft and drop 3 floors!
  6726 | D:10     | Entered Level 10 of the Dungeon
  6933 | D:10     | Reached skill level 8 in Armour
  7290 | D:9      | Reached XP level 10. HP: 91/91 MP: 7/9
  7319 | D:9      | Noticed a cyclops
  7358 | D:8      | Noticed Maurice
  7374 | D:8      | Maurice stole a +2 dagger of venom
  7382 | D:8      | Paralysed by something for 5 turns
  7386 | D:8      | Something stole 245 gold
  7387 | D:8      | Something stole 51 gold
  7398 | D:8      | Paralysed by something for 4 turns
  7399 | D:8      | Killed Maurice
  8121 | D:4      | Bought a runed ruby ring for 150 gold pieces
  8122 | D:4      | Bought a bone ring for 150 gold pieces
  8222 | D:3      | Killed Crazy Yiuf
  8589 | D:2      | Killed Sigmund
  9015 | D:4      | Bought a scroll labelled UWKODU WIQAIPT for 30 gold pieces
  9015 | D:4      | Bought a scroll labelled TOFRUC IBLUTONK for 30 gold pieces
  9545 | D:8      | Noticed a death yak
  9585 | D:8      | Killed a death yak
  9586 | D:8      | Reached skill level 9 in Armour
  9634 | D:8      | Found a staircase to the Lair.
  9634 | D:8      | Noticed a death yak
  9634 | D:8      | Noticed a death yak
  9660 | D:8      | Killed a death yak
  9661 | D:8      | Reached skill level 10 in Fighting
  9661 | D:8      | Reached skill level 10 in Armour
  9670 | D:8      | Killed a death yak
  9671 | D:8      | Reached skill level 11 in Armour
  9671 | D:8      | Reached skill level 10 in Shields
 10193 | D:8      | Found an ornate altar of the Wu Jian Council.
 10194 | D:8      | Found a hide-covered altar of Uskayaw.
 10921 | D:9      | Reached skill level 10 in Axes
 10957 | D:9      | Reached skill level 12 in Armour
 10957 | D:9      | Reached XP level 11. HP: 101/101 MP: 10/10
 11770 | D:10     | Reached *** piety under Okawaru
 11936 | D:10     | Noticed a deep elf pyromancer
 11986 | D:10     | Noticed a centaur warrior
 12001 | D:10     | Killed a centaur warrior
 12002 | D:10     | Reached skill level 13 in Armour
 12005 | D:10     | HP: 3/101 [burnt (17)]
 12006 | D:10     | Incinerated by a deep elf pyromancer

Illustrated notes

Levels and vault maps discovered:
D:1:      lightli_arrival_farm, layout_basic, minmay_box_of_dots
D:2:      layout_basic, chequers_serial_rivers_micro_b, uniq_natasha,
          uniq_sigmund
D:3:      layout_loops_ring, gammafunk_ghost_mausoleum, uniq_crazy_yiuf_cottage
D:4:      layout_rooms, nicolae_gozag_zags_fifth_avenue, lemuel_crystal_altar,
          nicolae_stop_n_shop_2, nicolae_take_the_stairs, minmay_manual_mullet,
          uniq_eustachio
D:5:      layout_loops_ring, lemuel_zombie_altar_kikubaaqudgha, temple_hall,
          serial_glass, glass_columns_a, glass_columns_a, glass_columns_a,
          glass_columns_a, glass_columns_c, glass_columns_a, uniq_edmund
D:6:      layout_gridville, gammafunk_ghost_grave, dreamdust_princess_bridge,
          uniq_pikel
D:7:      layout_loops_corners, enter_bailey_1
D:8:      layout_loops_ring, mainiacjoe_overflow_divided_tiny,
          dpeg_lair_monsters, serial_glass, glass_columns_b, glass_columns_c,
          serial_library_hellmonk_room_a, uniq_maurice
D:9:      layout_basic, dk_vineyard_3
D:10:     minmay_the_grid_octo_triangle [minmay_the_grid_octo_vomiting_pacman,
          minmay_the_grid_octo_prize_ultimate_mussel_roller,
          minmay_the_grid_octo_empty], layout_grid_maze, minivault_10,
          kennysheep_generic_room_10
Temple:   minmay_temple_bridge_d

Skill      XL: |  1  2  3  4  5  6  7  8  9 10 11 |
---------------+----------------------------------+-----
Fighting       | 4 5 6 7 9 10 | 10.8
Armour         | 4 5 6 7 8 12 13 | 13.2
Shields        | 4 5 6 7 9 10 | 10.7
Axes           | 3 4 5 6 8 10 | 10.4
Throwing       | 1 2 3 4 |  4.0
Dodging        | 1 2 3 |  3.0

Action                     |  1- 3 |  4- 6 |  7- 9 | 10-12 || total
---------------------------+-------+-------+-------+-------++-------
  Melee: War axe           |    96 |    47 |   151 |    85 ||   379
         Headbutt          |    12 |     5 |    43 |    41 ||   101
         Flail             |       |       |    66 |   128 ||   194
  Throw: Dart              |       |     5 |    80 |    25 ||   110
         Stone             |       |     1 |       |    13 ||    14
         Javelin           |       |       |    19 |    10 ||    29
         Boomerang         |       |       |       |     1 ||     1
 Invoke: Heroism           |       |       |     9 |    13 ||    22
  Evoke: Wand              |       |     6 |    10 |       ||    16
    Use: Scroll            |       |     2 |     3 |     7 ||    12
         Potion            |       |       |     3 |     2 ||     5
 Armour: Scale mail        |    41 |    23 |    71 |       ||   135
         Chain mail        |       |       |    51 |    43 ||    94
         Skin              |       |       |    16 |       ||    16
         Plate armour      |       |       |       |   138 ||   138
  Dodge: Dodged            |    27 |    23 |    63 |    63 ||   176
  Block: Buckler           |    20 |    11 |    47 |    60 ||   138
